2748 views
Uploaded 2020-02-09 16:27:14
Game version 1.32 / 1.32.1
20:57 long 2on2 ladder game on (4)HillsbradCreek
Saved by Grim
2748 views
Uploaded 2020-02-09 16:27:14
Game version 1.32 / 1.32.1
20:57 long 2on2 ladder game on (4)HillsbradCreek


84 units @ 11.8k
/ 1.9k
28 buildings @ 4.8k
/ 1.9k


| Healing Salve | 4 | 400 |
| Lesser Clarity Potion | 5 | 350 |
| Potion of Healing | 3 | 450 |
| Orb of Lightning | 1 | 375 |
| Potion of Mana | 2 | 400 |
| Scroll of Town Portal | 3 | 1050 |
| Scroll of Healing | 1 | 250 |
| Potion of Lesser Invulnerability | 1 | 150 |
| Scroll of Protection | 1 | 150 |
| Anti-magic Potion | 3 | 300 |
| total: | 24 | 3875g |
| Peon | 15 | 1125 | / | 0 |
| Troll Headhunter | 13 | 1820 | / | 260 |
| Troll Berserker | 10 | 1400 | / | 200 |
| Kodo Beast | 3 | 765 | / | 180 |
| Troll Witch Doctor | 7 | 1015 | / | 175 |
| Forest Troll Shadow Priest | 1 | 195 | / | 10 |
| total: | 49 | 6320g | / | 825w |
| Watch Tower | 1 | 110 | / | 80 |
| Altar of Storms | 1 | 180 | / | 50 |
| Orc Burrow | 5 | 800 | / | 200 |
| War Mill | 1 | 205 | / | 0 |
| Barracks | 2 | 360 | / | 100 |
| Voodoo Lounge | 1 | 130 | / | 30 |
| Great Hall | 1 | 385 | / | 185 |
| Spirit Lodge | 1 | 150 | / | 150 |
| Beastiary | 1 | 145 | / | 140 |
| Stronghold | 1 | 315 | / | 190 |
| Fortress | 1 | 325 | / | 190 |
| total: | 14 | 2465g | / | 935w |
| 0:01 | Peon |
| 0:01 | Peon |
| 0:05 | Altar of Storms |
| 0:17 | Orc Burrow |
| 0:26 | Peon |
| 0:39 | War Mill |
| 0:45 | Peon |
| 1:06 | Barracks |
| 1:12 | Peon |
| 1:27 | Peon |
| 1:33 | Voodoo Lounge |
| 1:39 | Peon |
| 2:00 | Orc Burrow |
| 2:06 | War Stomp |
| 2:09 | Troll Headhunter |
| 2:23 | Peon |
| 2:56 | Stronghold |
| 2:57 | Healing Salve |
| 3:11 | Troll Headhunter |
| 3:28 | Troll Headhunter |
| 3:47 | Troll Headhunter |
| 3:47 | Steel Ranged Weapons |
| 4:02 | Endurance Aura |
| 4:07 | Orc Burrow |
| 4:22 | Troll Headhunter |
| 4:36 | Troll Headhunter |
| 5:04 | Troll Headhunter |
| 5:21 | Great Hall |
| 5:40 | Lesser Clarity Potion |
| 5:41 | Healing Salve |
| 5:50 | Potion of Healing |
| 6:33 | War Stomp |
| 7:00 | Fortress |
| 7:10 | Reinforced Defenses |
| 7:44 | Troll Headhunter |
| 7:49 | Hex |
| 7:53 | Spirit Lodge |
| 8:39 | Troll Headhunter |
| 8:51 | Troll Headhunter |
| 9:12 | Peon |
| 9:13 | Peon |
| 9:13 | Peon |
| 9:13 | Peon |
| 9:19 | Witch Doctor Adept Training |
| 9:50 | Lesser Clarity Potion |
| 9:52 | Lesser Clarity Potion |
| 9:53 | Healing Salve |
| 9:57 | Beastiary |
| 10:00 | Troll Headhunter |
| 10:00 | Berserker Upgrade |
| 10:02 | Barracks |
| 10:04 | Thorium Ranged Weapons |
| 10:11 | Troll Headhunter |
| 10:21 | Scroll of Town Portal |
| 10:29 | Troll Headhunter |
| 10:32 | Steel Armor |
| 10:37 | Peon |
| 10:37 | Peon |
| 10:38 | Peon |
| 11:09 | Troll Berserker |
| 11:11 | Orc Burrow |
| 11:13 | Kodo Beast |
| 11:18 | Endurance Aura |
| 11:23 | Healing Wave |
| 11:25 | Forest Troll Shadow Priest |
| 11:32 | Troll Berserker |
| 11:33 | Orc Burrow |
| 11:41 | Healing Salve |
| 11:50 | Witch Doctor Master Training |
| 12:12 | Orb of Lightning |
| 12:26 | War Drums Damage Increase |
| 12:55 | Troll Berserker |
| 13:08 | Potion of Lesser Invulnerability |
| 13:10 | Scroll of Protection |
| 13:10 | Scroll of Healing |
| 13:12 | Troll Berserker |
| 13:19 | Watch Tower |
| 13:45 | Thorium Armor |
| 13:46 | Arcanite Ranged Weapons |
| 13:54 | Troll Berserker |
| 14:10 | Healing Wave |
| 14:40 | Arcanite Armor |
| 14:52 | Troll Berserker |
| 14:54 | Kodo Beast |
| 15:13 | Anti-magic Potion |
| 16:21 | Troll Berserker |
| 16:22 | Troll Witch Doctor |
| 16:22 | Troll Witch Doctor |
| 16:24 | War Stomp |
| 16:31 | Hex |
| 16:59 | Kodo Beast |
| 17:00 | Troll Witch Doctor |
| 17:01 | Troll Berserker |
| 17:10 | Lesser Clarity Potion |
| 17:18 | Lesser Clarity Potion |
| 17:20 | Potion of Mana |
| 17:20 | Potion of Healing |
| 17:33 | Scroll of Town Portal |
| 17:49 | Anti-magic Potion |
| 18:25 | Troll Berserker |
| 18:26 | Troll Witch Doctor |
| 18:53 | Anti-magic Potion |
| 18:53 | Potion of Healing |
| 18:55 | Potion of Mana |
| 18:58 | Troll Berserker |
| 18:59 | Troll Witch Doctor |
| 19:32 | Troll Witch Doctor |
| 19:49 | Scroll of Town Portal |
| 20:05 | Troll Witch Doctor |
| 20:40 | Healing Wave |
| 20:45 | Reincarnation |
| Right click | 1526 |
| Select group | 857 |
| Select | 664 |
| Build/train/purchase | 143 |
| Misc. action | 103 |
| Use ability | 65 |
| Assign group | 56 |
| Resource trade | 25 |
| Item give/drop | 6 |
| Esc | 3 |
| Minimap ping | 3 |


| Potion of Healing | 3 | 450 |
| Staff of Preservation | 2 | 300 |
| Lesser Clarity Potion | 3 | 210 |
| Orb of Venom | 2 | 650 |
| Anti-magic Potion | 1 | 100 |
| Potion of Mana | 2 | 400 |
| Dust of Appearance | 1 | 75 |
| total: | 14 | 2185g |
| Wisp | 17 | 1020 | / | 0 |
| Archer | 7 | 910 | / | 70 |
| Mountain Giant | 9 | 3150 | / | 900 |
| Druid of the Claw | 1 | 255 | / | 80 |
| Dryad | 1 | 145 | / | 60 |
| total: | 35 | 5480g | / | 1110w |
| Altar of Elders | 1 | 180 | / | 50 |
| Moon Well | 7 | 1260 | / | 280 |
| Ancient of War | 1 | 150 | / | 60 |
| Ancient of Wonders | 1 | 90 | / | 30 |
| Hunter's Hall | 1 | 210 | / | 100 |
| Ancient of Lore | 3 | 465 | / | 435 |
| Tree of Ages | 1 | 320 | / | 180 |
| Tree of Eternity | 2 | 660 | / | 400 |
| total: | 14 | 2355g | / | 955w |
| 0:04 | Wisp |
| 0:07 | Altar of Elders |
| 0:18 | Wisp |
| 0:20 | Moon Well |
| 0:26 | Wisp |
| 0:34 | Ancient of War |
| 0:37 | Wisp |
| 0:38 | Wisp |
| 0:49 | Wisp |
| 0:57 | Wisp |
| 1:19 | Wisp |
| 1:36 | Moon Well |
| 1:41 | Archer |
| 1:46 | Archer |
| 2:30 | Mana Burn |
| 2:42 | Wisp |
| 3:05 | Tree of Ages |
| 3:07 | Ancient of Wonders |
| 3:48 | Archer |
| 3:52 | Hunter's Hall |
| 3:55 | Moon Well |
| 4:09 | Archer |
| 4:17 | Dust of Appearance |
| 5:01 | Evasion |
| 5:26 | Ancient of Lore |
| 5:28 | Ancient of Lore |
| 5:58 | Ancient of Lore |
| 5:59 | Wisp |
| 5:59 | Wisp |
| 6:15 | Archer |
| 6:53 | Mountain Giant |
| 6:55 | Tree of Eternity |
| 6:57 | Reinforced Hides |
| 7:00 | Entangling Roots |
| 7:07 | Potion of Healing |
| 7:22 | Potion of Healing |
| 7:26 | Staff of Preservation |
| 7:26 | Staff of Preservation |
| 8:55 | Mountain Giant |
| 9:09 | Strength of the Wild |
| 9:16 | Hardened Skin |
| 9:38 | Lesser Clarity Potion |
| 9:53 | Mountain Giant |
| 10:00 | Moon Well |
| 10:28 | Resistant Skin |
| 10:46 | Orb of Venom |
| 11:16 | Wisp |
| 11:17 | Wisp |
| 11:32 | Force of Nature |
| 11:36 | Wisp |
| 11:52 | Mountain Giant |
| 11:54 | Wisp |
| 11:56 | Moon Well |
| 12:11 | Anti-magic Potion |
| 12:35 | Improved Strength of the Wild |
| 13:00 | Mana Burn |
| 13:07 | Archer |
| 13:09 | Druid of the Claw |
| 13:12 | Dryad |
| 13:14 | Wisp |
| 13:14 | Wisp |
| 13:40 | Orb of Venom |
| 13:40 | Potion of Mana |
| 14:07 | Improved Reinforced Hides |
| 14:17 | Moon Well |
| 14:49 | Moon Well |
| 15:09 | Advanced Strength of the Wild |
| 15:16 | Archer |
| 16:21 | Entangling Roots |
| 16:24 | Mountain Giant |
| 17:03 | Mountain Giant |
| 17:20 | Mountain Giant |
| 18:21 | Force of Nature |
| 18:22 | Force of Nature |
| 18:26 | Potion of Mana |
| 18:59 | Mountain Giant |
| 19:11 | Lesser Clarity Potion |
| 19:11 | Lesser Clarity Potion |
| 19:19 | Advanced Reinforced Hides |
| 19:20 | Potion of Healing |
| 19:53 | Mountain Giant |
| 20:46 | Evasion |
| 20:50 | Entangling Roots |
| Right click | 1067 |
| Select | 521 |
| Select group | 130 |
| Build/train/purchase | 105 |
| Use ability | 66 |
| Misc. action | 45 |
| Assign group | 41 |
| Minimap ping | 5 |
| Esc | 4 |
| Remove unit | 1 |
59 units @ 11.7k
/ 2k
28 buildings @ 4.4k
/ 1.8k



| Rod of Necromancy | 4 | 600 |
| Orb of Corruption | 1 | 375 |
| Dust of Appearance | 1 | 75 |
| Scroll of Town Portal | 3 | 1050 |
| Scroll of Healing | 1 | 250 |
| Potion of Lesser Invulnerability | 1 | 150 |
| total: | 11 | 2500g |
| Acolyte | 4 | 300 | / | 0 |
| Ghoul | 2 | 240 | / | 0 |
| Crypt Fiend | 14 | 3010 | / | 560 |
| Obsidian Statue | 4 | 800 | / | 140 |
| Frost Wyrm | 3 | 1155 | / | 360 |
| total: | 27 | 5505g | / | 1060w |
| Nerubian Tower | 1 | 100 | / | 20 |
| Crypt | 1 | 200 | / | 50 |
| Graveyard | 1 | 215 | / | 0 |
| Altar of Darkness | 1 | 180 | / | 50 |
| Ziggurat | 7 | 1050 | / | 350 |
| Tomb of Relics | 1 | 130 | / | 30 |
| Slaughterhouse | 1 | 140 | / | 135 |
| Sacrificial Pit | 1 | 75 | / | 150 |
| Boneyard | 1 | 175 | / | 200 |
| Halls of the Dead | 2 | 640 | / | 420 |
| Black Citadel | 2 | 650 | / | 460 |
| total: | 14 | 2165g | / | 965w |
| 0:03 | Acolyte |
| 0:07 | Crypt |
| 0:11 | Graveyard |
| 0:18 | Acolyte |
| 0:18 | Acolyte |
| 0:41 | Altar of Darkness |
| 1:00 | Ziggurat |
| 1:11 | Ghoul |
| 1:27 | Tomb of Relics |
| 1:51 | Crypt Fiend |
| 2:01 | Ziggurat |
| 2:22 | Crypt Fiend |
| 2:48 | Death Coil |
| 2:48 | Rod of Necromancy |
| 2:49 | Dust of Appearance |
| 3:15 | Halls of the Dead |
| 3:26 | Ghoul |
| 3:48 | Crypt Fiend |
| 3:48 | Crypt Fiend |
| 3:59 | Nerubian Tower |
| 4:05 | Unholy Aura |
| 4:16 | Rod of Necromancy |
| 4:29 | Ziggurat |
| 4:54 | Crypt Fiend |
| 5:22 | Ziggurat |
| 5:58 | Slaughterhouse |
| 6:10 | Death Coil |
| 6:16 | Crypt Fiend |
| 6:16 | Crypt Fiend |
| 6:48 | Frost Nova |
| 6:49 | Rod of Necromancy |
| 7:02 | Obsidian Statue |
| 7:23 | Black Citadel |
| 8:33 | Crypt Fiend |
| 9:00 | Frost Armor |
| 9:02 | Unholy Aura |
| 9:04 | Obsidian Statue |
| 9:10 | Scroll of Town Portal |
| 9:16 | Rod of Necromancy |
| 10:36 | Crypt Fiend |
| 10:48 | Scroll of Town Portal |
| 11:08 | Howl of Terror |
| 11:08 | Cleaving Attack |
| 11:15 | Ziggurat |
| 11:18 | Ziggurat |
| 11:25 | Orb of Corruption |
| 11:41 | Burrow |
| 11:44 | Disease Cloud |
| 12:33 | Creature Attack |
| 12:36 | Ziggurat |
| 12:41 | Destroyer Form |
| 13:12 | Sacrificial Pit |
| 13:47 | Improved Creature Attack |
| 14:01 | Boneyard |
| 14:19 | Acolyte |
| 14:28 | Potion of Lesser Invulnerability |
| 14:30 | Scroll of Healing |
| 14:40 | Web |
| 14:48 | Frost Nova |
| 14:49 | Cleaving Attack |
| 15:20 | Frost Wyrm |
| 15:22 | Crypt Fiend |
| 16:43 | Death Coil |
| 16:56 | Crypt Fiend |
| 16:59 | Frost Wyrm |
| 17:02 | Howl of Terror |
| 17:05 | Obsidian Statue |
| 17:29 | Crypt Fiend |
| 17:52 | Dark Ritual |
| 19:04 | Crypt Fiend |
| 19:05 | Frost Wyrm |
| 19:10 | Scroll of Town Portal |
| 19:28 | Obsidian Statue |
| 20:06 | Crypt Fiend |
| Right click | 1450 |
| Select group | 1252 |
| Assign group | 371 |
| Select | 296 |
| Build/train/purchase | 138 |
| Use ability | 54 |
| Minimap ping | 18 |
| Misc. action | 5 |
| Remove unit | 5 |
| Item give/drop | 4 |
| Chat | 4 |


| Healing Salve | 2 | 200 |
| Lesser Clarity Potion | 1 | 70 |
| total: | 3 | 270g |
| Peon | 7 | 525 | / | 0 |
| Grunt | 10 | 2000 | / | 0 |
| Tauren | 10 | 2800 | / | 800 |
| Spirit Walker | 3 | 585 | / | 105 |
| Shaman | 2 | 260 | / | 40 |
| total: | 32 | 6170g | / | 945w |
| Altar of Storms | 1 | 180 | / | 50 |
| Orc Burrow | 7 | 1120 | / | 280 |
| Voodoo Lounge | 1 | 130 | / | 30 |
| Barracks | 1 | 180 | / | 50 |
| War Mill | 1 | 205 | / | 0 |
| Tauren Totem | 2 | 270 | / | 310 |
| Spirit Lodge | 1 | 150 | / | 150 |
| Stronghold | 1 | 315 | / | 190 |
| Fortress | 1 | 325 | / | 190 |
| total: | 14 | 2235g | / | 870w |
| 0:02 | Peon |
| 0:02 | Peon |
| 0:06 | Altar of Storms |
| 0:11 | Orc Burrow |
| 0:30 | Voodoo Lounge |
| 0:32 | Peon |
| 0:40 | Peon |
| 1:13 | Peon |
| 1:15 | Peon |
| 1:20 | Barracks |
| 1:31 | Peon |
| 1:50 | Orc Burrow |
| 2:08 | Healing Salve |
| 2:10 | Wind Walk |
| 2:21 | Grunt |
| 2:55 | Grunt |
| 3:44 | Grunt |
| 3:58 | Grunt |
| 4:19 | Grunt |
| 4:27 | War Mill |
| 4:29 | Stronghold |
| 4:52 | Orc Burrow |
| 6:01 | Steel Melee Weapons |
| 6:02 | Grunt |
| 6:07 | Orc Burrow |
| 6:34 | Critical Strike |
| 6:53 | Berserker Strength |
| 6:56 | Fortress |
| 7:01 | Tauren Totem |
| 7:06 | Grunt |
| 7:10 | Orc Burrow |
| 7:11 | Steel Armor |
| 8:06 | Wind Walk |
| 8:21 | Grunt |
| 8:22 | Grunt |
| 8:25 | Spirit Walker Adept Training |
| 9:27 | Grunt |
| 9:42 | Tauren |
| 10:21 | Tauren Totem |
| 10:28 | Orc Burrow |
| 10:36 | Tauren |
| 11:11 | Tauren |
| 11:32 | Pulverize |
| 11:37 | Spirit Lodge |
| 11:48 | Healing Wave |
| 11:58 | Tauren |
| 12:01 | Spirit Walker Master Training |
| 12:39 | Spirit Walker |
| 13:14 | Tauren |
| 13:29 | Shaman Adept Training |
| 14:04 | Spirit Walker |
| 14:10 | Hex |
| 14:23 | Tauren |
| 14:40 | Shaman Master Training |
| 14:57 | Orc Burrow |
| 16:40 | Tauren |
| 16:41 | Shaman |
| 16:51 | Healing Wave |
| 18:11 | Tauren |
| 18:15 | Spirit Walker |
| 18:56 | Tauren |
| 19:30 | Healing Salve |
| 19:33 | Lesser Clarity Potion |
| 19:44 | Shaman |
| 20:50 | Tauren |
| Right click | 1005 |
| Select | 313 |
| Select group | 105 |
| Build/train/purchase | 93 |
| Assign group | 32 |
| Use ability | 17 |
| Remove unit | 1 |
| Minimap ping | 1 |